 Dungeon Crawl Stone Soup version 0.20-a0-453-g91466d2 (webtiles) character file.

58 Kriby the Magician (level 3, -2/24 HPs)
             Began as a Mummy Fire Elementalist on Jan 8, 2017.
             Killed from afar by Sigmund (12 damage)
             ... with a puff of flame
             ... on level 2 of the Dungeon.
             The game lasted 00:01:41 (1869 turns).

Kriby the Magician (Mummy Fire Elementalist)        Turns: 1869, Time: 00:01:41

Health: -2/24      AC:  2    Str: 11    XL:     3   Next: 76%
Magic:  6/8        EV: 12    Int: 15    God:
Gold:   84         SH:  0    Dex: 12    Spells: 8/9 levels left

rFire  x . .     SeeInvis .     d - +2 dagger (venom)
rCold  + . .     Gourm    .     a - +0 robe
rNeg   + + +     Faith    .     (no shield)
rPois  ∞         Spirit   .     (no helmet)
rElec  .         Reflect  .     (no cloak)
rCorr  .         Harm     .     (no gloves)
MR     .....                    (no boots)
Stlth  ++........               (no amulet)
                                (no ring)
                                (no ring)

@: no status effects
A: no food or potions, fire vulnerability, cold resistance 1, negative energy
resistance 3, torment resistance, unbreathing
a: no special abilities


You were on level 2 of the Dungeon.
You were not hungry.

You visited 1 branch of the dungeon, and saw 2 of its levels.

You collected 84 gold pieces.

Inventory:

Hand Weapons
 d - a +2 dagger of venom (weapon)
Armour
 a - a +0 robe (worn)
Jewellery
 g - an uncursed amulet of rage {unknown}
Scrolls
 c - 3 scrolls of enchant weapon {unknown}
 e - a scroll of enchant armour {unknown}
 f - a scroll of identify {unknown}
 h - a scroll of immolation {unknown}
 i - a scroll of magic mapping {unknown}
Books
 b - a book of Flames

   Spells                             Type                      Level
   a - Flame Tongue                   Conjuration/Fire             1
   b - Throw Flame                    Conjuration/Fire             2
   c - Conjure Flame                  Conjuration/Fire             3
   d - Inner Flame                    Hexes/Fire                   3
   e - Sticky Flame                   Conjuration/Fire             4
   f - Fireball                       Conjuration/Fire             5


   Skills:
 - Level 1.5 Dodging
 - Level 1.5 Stealth
 + Level 3.6 Spellcasting
 * Level 2.0 Conjurations
 + Level 2.8 Fire Magic


You had 8 spell levels left.
You knew the following spells:

 Your Spells              Type           Power        Failure   Level  Hunger
a - Flame Tongue          Conj/Fire      ##...        10%         1    N/A

Dungeon Overview and Level Annotations

Branches:
Dungeon (2/15)

Altars:

Annotations:
D:2 Sigmund


Innate Abilities, Weirdness & Mutations

You do not eat or drink.
Your flesh is vulnerable to fire.
You are immune to poison.
Your flesh is cold resistant. (rC+)
You are immune to negative energy. (rN+++)
You are immune to unholy pain and torment.
You can survive without breathing.


Message History

Casting: Flame Tongue
Confirm with . or Enter, or press ? or * to list all spells.
Aiming: Flame Tongue
Press: ? - help, Shift-Dir - straight line, f - Sigmund
Aim: Sigmund, wielding a scythe and wearing a robe The flame tongue hits Sigmund.
Sigmund is moderately wounded.
Casting: Flame Tongue
Confirm with . or Enter, or press ? or * to list all spells.
Aiming: Flame Tongue
Press: ? - help, Shift-Dir - straight line, f/p - Sigmund
Aim: Sigmund, wielding a scythe and wearing a robe (moderately wounded)
The flame tongue hits Sigmund.
Sigmund is heavily wounded.
Sigmund screams, "I am the angel of ZOT!!!"
Sigmund barely misses you.
Sigmund points at you and mumbles some strange words.
The puff of flame hits you! The fire burns you terribly!
Ouch! That really hurt!
You die...

.......#
#.#
########
#.# #.#
#.# #.#
#.# #.#
#.#.#
#@#.#
#.#@#
#.#.#
#@#.#
#.#.#
#.#.##
#...)#
######


You could see Sigmund.

Vanquished Creatures
  2 adders (D:2)
  2 oozes (D:1)
  2 dart slugs
  A leopard gecko (D:1)
  A ball python (D:1)
  2 bats (D:1)
  A giant cockroach (D:1)
  5 hobgoblins
  2 frilled lizards (D:1)
  4 goblins
  3 kobolds
  4 rats (D:1)
29 creatures vanquished.

Notes
Turn   | Place    | Note
-------+----------+-------------------------------------------
     0 | D:1      | Kriby the Mummy Fire Elementalist began the quest for the Orb.
     0 | D:1      | Reached XP level 1. HP: 13/13 MP: 4/4
    24 | D:1      | Reached skill level 1 in Conjurations
   134 | D:1      | Reached XP level 2. HP: 19/19 MP: 3/5
   232 | D:1      | Reached skill level 3 in Spellcasting
   975 | D:1      | Reached XP level 3. HP: 24/24 MP: 2/7
  1858 | D:2      | Noticed Sigmund
  1869 | D:2      | Killed from afar by Sigmund

Vault maps used:
D:1:      onia_arrival_handbag
D:2:      uniq_sigmund

Skill      XL: |  1  2  3 |
---------------+----------+-----
Conjurations   | 1 2 |  2.0
Spellcasting   | 3 |  3.6
Dodging        | |  1.5
Stealth        | |  1.5
Fire Magic     | |  2.8

Action                   || total
-------------------------++-------
Melee: Unarmed           ||    13
       Dagger            ||     9
 Cast: Flame Tongue      ||    56
Armor: Robe              ||     9
Dodge: Dodged            ||    32
